 Dungeon Crawl Stone Soup version 0.31.0-9-g3a7656b989 (webtiles) character file.

Game seed: 2188247430988233218

100 qw the Shooter (level 4, -3/25 HPs)
             Began as a Deep Elf Hunter on Feb 2, 2024.
             Slain by a gnoll
             ... wielding a +0 flail
              (5 damage)
             ... on level 3 of the Dungeon.
             The game lasted 00:00:05 (1954 turns).

qw the Shooter (Deep Elf Hunter)                    Turns: 1954, Time: 00:00:06

Health: -3/25      AC:  5    Str: 10    XL:     4   Next: 47%
Magic:  6/6        EV: 11    Int: 14    God:
Gold:   55         SH:  0    Dex: 18    Spells: 3/3 levels left

rFire   . . .        a - +3 shortbow
rCold   . . .        (shield currently unavailable)
rNeg    . . .        e - +0 ring mail
rPois   .            (no helmet)
rElec   .            (no cloak)
rCorr   .            (no gloves)
SInv    .            (no boots)
Will    .....        (no amulet)
Stlth   +            (no ring)
HPRegen 0.24/turn    (no ring)
MPRegen 0.10/turn

%: no passive effects
@: about to teleport
A: no striking features
a: no special abilities


You were on level 3 of the Dungeon.
You visited 1 branch of the dungeon, and saw 3 of its levels.

You collected 55 gold pieces.


   Skills:
 - Level 1.5 Fighting
 + Level 7.9 Ranged Weapons
 - Level 2.4 Dodging
 - Level 1.2 Stealth


You had 3 spell levels left.
You didn't know any spells.
Your spell library was empty.

Inventory:

Hand Weapons
 a - a +3 shortbow (weapon)
Armour
 e - a +0 ring mail (worn)
Jewellery
 i - a ring of ice
Scrolls
 b - a scroll of identify
Potions
 f - a potion of curing

Dungeon Overview and Level Annotations

Branches:
Dungeon (3/15)

Altars:

Shops:
D:1 :   D:3 ?


Message History

Enter note:
Enter note: You shoot an arrow.
The gnoll shouts!
The rat squeaks loudly.
The arrow hits the rat.
You kill the rat!
A gnoll comes into view. It is wielding a +0 flail.
You shoot an arrow. The gnoll shouts!
The arrow hits the gnoll!
The gnoll is severely wounded.
You shoot an arrow. The arrow hits the gnoll.
You kill the gnoll!
You shoot an arrow. The arrow hits the gnoll.
The gnoll is heavily wounded.
You shoot an arrow. The arrow hits the gnoll.
The gnoll is almost dead.
The gnoll hits you from afar with a +0 halberd!
You shoot an arrow. The arrow hits the gnoll!
You kill the gnoll!
The gnoll closely misses you.
You shoot an arrow. The arrow hits the gnoll.
The gnoll is heavily wounded.
The gnoll completely misses you. The gnoll barely misses you.
You shoot an arrow.
The arrow hits the gnoll but does no damage.
The gnoll is heavily wounded.
The gnoll closely misses you. The gnoll hits you with a +0 flail.
You shoot an arrow. The arrow hits the gnoll.
The gnoll is severely wounded.
The gnoll closely misses you. The gnoll hits you with a +0 flail.
1953 ||| READING scroll of teleportation.
As you read the scroll of teleportation, it crumbles to dust.
You feel strangely unstable. The gnoll closely misses you.
The gnoll misses you.
You shoot an arrow. The arrow barely misses the gnoll.
The arrow hits the gnoll but does no damage.
The gnoll hits you from afar with a +0 halberd.
The gnoll hits you with a +0 flail.
You die...

...######.....#### #.#
...# #..#### #.# #..#
#.# #.# ### ...# #+ #.#
... ...# $.. ##.# #.#
.##### .... ###..# #.#
.....# ..... ##.#.## #.#
..##.#
...%..####....########.#
.....+
....)gg@................
..##.#
......####....########.#
.###.# ..... #.......#
#.# ## #.# \...
####.##.##.# #.# ####.#
... #....##.##.# #.#
.....# #+# #.......##.#
#.# ###### #.#
#....#####.# #.#
########.# ##.#.......#
#.# #........##
#.#############.#


You could see 2 gnolls.

Vanquished Creatures
  2 gnolls (D:3)
  3 adders (D:2)
  3 dart slugs
  3 endoplasms
  A giant cockroach (D:2)
  6 hobgoblins
  2 kobolds (D:1)
  6 quokkas
  2 ball pythons
  6 bats
  4 frilled lizards
  6 goblins
  5 rats
49 creatures vanquished.

Notes
Turn   | Place    | Note
-------+----------+-------------------------------------------
     0 | D:1      | qw the Deep Elf Hunter began the quest for the Orb.
     0 | D:1      | Reached XP level 1. HP: 12/12 MP: 3/3
     0 | D:1      | 0 ||| qw: Version: 0.3-a-155-g5e7d8dd
     0 | D:1      | 0 ||| qw: Game counter: 771
     0 | D:1      | 0 ||| qw: Melee chars always use a shield: true
     0 | D:1      | 0 ||| qw: God list: Okawaru
     0 | D:1      | 0 ||| qw: Allow faded altars: false
     0 | D:1      | 0 ||| qw: Do Orc after clearing Dungeon:15 true
     0 | D:1      | 0 ||| qw: Do second Lair branch before Depths: true
     0 | D:1      | 0 ||| qw: Lair rune preference: random
     0 | D:1      | 0 ||| qw: Goals: Normal
     0 | D:1      | 0 ||| PLANNING D:1-11
   328 | D:1      | Reached skill level 6 in Ranged Weapons
   328 | D:1      | Reached XP level 2. HP: 16/16 MP: 4/4
   336 | D:1      | Found Fazastus's Vocational Training.
   701 | D:1      | 701 ||| UPGRADING to +0 ring mail.
   711 | D:1      | 711 ||| DROPPING +0 leather armour.
   712 | D:1      | 712 ||| READING 2 scrolls labelled ACO RIEQOUW.
   712 | D:1      | 712 ||| IDENTIFYING black potion
   713 | D:1      | 713 ||| READING scroll of identify.
   713 | D:1      | 713 ||| IDENTIFYING amethyst potion
   714 | D:1      | 714 ||| READING 2 scrolls labelled NOPHONY XANOE.
   715 | D:1      | 715 ||| READING 2 scrolls labelled IVYFIE PEJIOFF.
   718 | D:1      | 718 ||| DROPPING scroll of butterflies.
   719 | D:1      | 719 ||| DROPPING potion of lignification.
   720 | D:1      | 720 ||| DROPPING scroll of fog.
   748 | D:2      | 748 ||| STAIRDANCE
   758 | D:2      | 758 ||| STAIRDANCE
   763 | D:2      | 763 ||| STAIRDANCE
   813 | D:2      | 813 ||| STAIRDANCE
   818 | D:2      | 818 ||| STAIRDANCE
   870 | D:2      | Reached XP level 3. HP: 19/20 MP: 5/5
   973 | D:2      | Reached skill level 7 in Ranged Weapons
  1167 | D:2      | HP: 5/20 [poisoned by an adder]
  1441 | D:2      | Identified the +3 leather armour "Dyhir" {Stlth+}
  1500 | D:2      | Reached XP level 4. HP: 25/25 MP: 6/6
  1625 | D:2      | 1625 ||| DROPPING +3 leather armour "Dyhir" {Stlth+}.
  1626 | D:2      | 1626 ||| READING 2 scrolls of identify.
  1626 | D:2      | 1626 ||| IDENTIFYING scroll labelled XEGENUHURR
  1627 | D:2      | 1627 ||| READING scroll of identify.
  1627 | D:2      | 1627 ||| IDENTIFYING scroll labelled VINAHUTRUFO
  1628 | D:2      | 1628 ||| READING 2 scrolls labelled XENUARROIMO.
  1729 | D:2      | 1729 ||| READING 3 scrolls labelled EZOHAE UNOI.
  1729 | D:2      | 1729 ||| ENCHANTING +0 shortbow.
  1730 | D:2      | 1730 ||| READING 2 scrolls of enchant weapon.
  1730 | D:2      | 1730 ||| ENCHANTING +1 shortbow.
  1731 | D:2      | 1731 ||| READING scroll of enchant weapon.
  1731 | D:2      | 1731 ||| ENCHANTING +2 shortbow.
  1732 | D:2      | 1732 ||| DROPPING scroll of vulnerability.
  1733 | D:2      | 1733 ||| DROPPING scroll of immolation.
  1734 | D:2      | 1734 ||| DROPPING scroll of amnesia.
  1943 | D:3      | Found Reddied's Magic Scroll Boutique.
  1952 | D:3      | HP: 5/25 [gnoll/+0 flail (6)]
  1953 | D:3      | 1953 ||| READING scroll of teleportation.
  1954 | D:3      | HP: 2/25 [gnoll/+0 halberd (3)]
  1954 | D:3      | Slain by a gnoll

Levels and vault maps discovered:
D:1:      lemuel_arrival_hallway, layout_basic, nicolae_shop_vocational
D:2:      layout_basic
D:3:      layout_loops_corners, mainiacjoe_overflow_cross_hatched, serial_shops,
          shop, nicolae_shop_statue_plus, shop, grunt_ministairs_2,
          minmay_starry_boxes

Skill      XL: |  1  2  3 |
---------------+----------+-----
Ranged Weapons | 6 7 |  7.9
Fighting       | |  1.5
Dodging        | |  2.4
Stealth        | |  1.2

Action                     |  1- 3 |  4- 6 || total
---------------------------+-------+-------++-------
   Fire: Shortbow          |   102 |    17 ||   119
    Use: Scroll            |     4 |     7 ||    11
 Armour: Ring mail         |    37 |     8 ||    45
         Leather armour    |     1 |       ||     1
  Dodge: Dodged            |    25 |     7 ||    32

Table legend:
 A = Non-vault XP
 B = Vault XP
 C = Vault XP percentage of total XP
 D = Non-vault monster count
 E = Vault monster count
 F = Vault count percentage of total count
                 A         B        C        D         E       F
            +---------+---------+-------+---------+---------+-------
      Total |     142 |       2 |   1.4 |      47 |       2 |   4.1
            +---------+---------+-------+---------+---------+-------
        D:1 |      34 |       0 |   0.0 |      21 |       0 |   0.0
        D:2 |      77 |       0 |   0.0 |      22 |       0 |   0.0
        D:3 |      31 |       2 |   6.1 |       4 |       2 |  33.3
            +---------+---------+-------+---------+---------+-------
